details: 'farseeraiders'

« prev index next »

General information

Mini Map

Players

team 1
OrcK-R (blue | 123 APM | 1694 actions | 13:45)
Hero icon 2 Blademaster
Ability icon 1 Wind Walk
Ability icon 1 Critical Strike
Hero icon 2 Shadow Hunter
Ability icon 1 Healing Wave
Ability icon 1 Hex

» actions
Assign group hotkey65
Basic commands92
Build / train57
Enter build submenu12
Enter hero's abilities submenu4
Give item / drop item2
Right click749
Select / deselect379
Select group hotkey190
Use ability144
1694 total
» units
Peon13
Grunt8
Spirit Walker2
Raider3
26 total
» upgrades
Spirit Walker Training1
Ensnare1
2 total
» buildings
Altar of Storms2
Orc Burrow5
Barracks1
Voodoo Lounge2
Stronghold4
Spirit Lodge1
Beastiary1
16 total
» build order
00:07 Altar of Storms
00:18 Orc Burrow
00:38 Barracks
01:37 Voodoo Lounge
01:57 Orc Burrow
03:08 Stronghold
03:08 Stronghold
04:15 Orc Burrow
04:26 Voodoo Lounge
06:03 Spirit Lodge
06:42 Orc Burrow
07:46 Beastiary
08:00 Orc Burrow
09:31 Altar of Storms
» items
Circlet of Nobility3
Healing Salve4
Boots of Speed3
Lesser Clarity Potion1
Scroll of Speed1
12 total
team 2
Random» Orcerz (orange | 141 APM | 1943 actions | 13:46)
Hero icon 2 Far Seer
Ability icon 1 Feral Spirit
Ability icon 1 Chain Lighting
Hero icon 2 Shadow Hunter
Ability icon 1 Hex
Ability icon 1 Healing Wave

» actions
Assign group hotkey475
Basic commands65
Build / train61
ESC pressed1
Enter build submenu14
Enter hero's abilities submenu4
Give item / drop item3
Right click707
Select / deselect241
Select group hotkey270
Use ability102
1943 total
» units
Peon8
Grunt7
Raider9
24 total
» upgrades
Ensnare1
Berserker Strength1
Pillage1
Melee Weapons2
5 total
» buildings
Altar of Storms1
Orc Burrow7
Barracks1
Stronghold5
Voodoo Lounge1
Beastiary2
War Mill1
18 total
» build order
00:10 Altar of Storms
00:20 Orc Burrow
00:35 Barracks
01:31 Orc Burrow
02:38 Stronghold
02:38 Stronghold
02:38 Stronghold
02:58 Voodoo Lounge
03:25 Orc Burrow
05:13 Beastiary
05:14 Beastiary
06:06 Orc Burrow
09:10 War Mill
10:49 Orc Burrow
10:50 Orc Burrow
13:06 Orc Burrow
» items
Healing Salve4
Scroll of Speed2
Dust of Appearance1
Lesser Clarity Potion1
Potion of Healing1
9 total